 Dungeon Crawl Stone Soup version 0.27-b1-41-gafb5482f4b (webtiles) character file.

Game seed: 1127145708443520927

249 ZARRMARR the Insei (level 6, -2/44 HPs)
             Began as a Merfolk Transmuter on July 28, 2021.
             Was an Initiate of Hepliaklqana.
             Splashed by an oklob plant's acid (14 damage)
             ... created by the enmity of Fedhas Madash
             ... on level 4 of the Dungeon.
             The game lasted 00:30:15 (6014 turns).

ZARRMARR the Insei (Merfolk Transmuter)             Turns: 6014, Time: 00:30:16

Health: -2/44      AC: -1    Str: 10    XL:     6   Next: 12%
Magic:  10/10      EV: 14    Int: 15    God:    Hepliaklqana [......]
Gold:   255        SH:  0    Dex: 20    Spells: 8/11 levels left

rFire    . . .     SeeInvis .     - Unarmed
rCold    . . .     Faith    .   (no shield)
rNeg     . . .     Spirit   .   a - +0 robe
rPois    +         Reflect  .   p - +0 helmet
rElec    .         Harm     .   (no cloak)
rCorr    .         Rampage  .   (no gloves)
Will     .....                  (no boots)
Stlth    ++........             (no amulet)
HPRegen  0.14/turn              m - +6 ring of dexterity
MPRegen  0.12/turn              o - ring of poison resistance

@: about to teleport, corroded
A: (nimble swimmer 2), mertail
a: Renounce Religion


You were on level 4 of the Dungeon.
You worshipped Hepliaklqana.
Hepliaklqana was noncommittal.
You visited 2 branches of the dungeon, and saw 5 of its levels.

You collected 281 gold pieces.
You spent 26 gold pieces at shops.

Inventory:

Hand Weapons
 q - the +7 dagger of the Ageless Quests {flame, rCorr}
   (You found it on level 4 of the Dungeon)

   It burns those it strikes, dealing additional fire damage.
   rCorr:     It protects you from acid and corrosion.
Missiles
 b - 7 boomerangs (quivered)
 l - 6 atropa-tipped darts
Armour
 a - a +0 robe (worn)
 p - a +0 helmet (worn)
Jewellery
 m - a +6 ring of dexterity (left hand)
 o - a ring of poison resistance (right hand)
Wands
 s - a wand of digging (6)
Scrolls
 d - 3 scrolls of noise
 f - a scroll of enchant weapon
 g - a scroll of fear {unknown}
 h - 3 scrolls of teleportation
 i - a scroll of amnesia {unknown}
 k - a scroll of summoning {unknown}
 r - a scroll of immolation {unknown}
Potions
 c - a potion of cancellation {unknown}
 e - 2 potions of degeneration {unknown}
 j - 2 potions of curing {unknown}
 n - a potion of heal wounds {unknown}


   Skills:
 + Level 1.8 Fighting
 + Level 2.0 Throwing
 + Level 3.7 Dodging
 + Level 1.2 Stealth
 + Level 4.6 Unarmed Combat
 + Level 3.2 Spellcasting
 + Level 3.6 Transmutations


You had 8 spell levels left.
You knew the following spells:

 Your Spells              Type           Power      Damage    Failure   Level
a - Beastly Appendage     Tmut           26%        N/A       4%          1
b - Wereblood             Tmut           13%        N/A       6%          2

Your spell library contained the following spells:

 Spells                   Type           Power      Damage    Failure   Level
 Spider Form              Tmut/Pois      3%         N/A       28%         3
 Summon Guardian Golem    Hex/Summ       2%         N/A       52%         3
 Ice Form                 Ice/Tmut       7%         N/A       67%         4
 Orb of Destruction       Conj           1%         N/A       100%        7
 Spellforged Servitor     Conj/Summ      1%         N/A       100%        7


Dungeon Overview and Level Annotations

Branches:
Dungeon (4/15)             Temple (1/1) D:4

Altars:
Cheibriados
Dithmenos
Fedhas
Gozag
Hepliaklqana
Kikubaaqudgha
Okawaru
Qazlal
Ru
Wu Jian
Xom
Yredelemnul
Zin
The Shining One

Shops:
D:1 :!?(   D:2 *

Annotations:
D:4 exclusion: 4 oklob plants


Innate Abilities, Weirdness & Mutations

((You are quick and stealthy near water. (Stealth+, EV+, Speed+++)))
Your lower body shifts to a powerful aquatic tail in water.


Message History

A ball python is nearby!
A ball python is nearby!
A ball python is nearby!
A ball python is nearby!
Throw: 8 boomerangs
Press: ? - help, Q - select action, (/) - cycle Shift-Dir - straight line, f - you Really target yourself?
Okay, then.
Throw: 8 boomerangs
Press: ? - help, Q - select action, (/) - cycle Shift-Dir - straight line, f - ball python
Aim: a ball python (wandering, hasn't noticed you, 60% to hit)
You throw a boomerang.
The boomerang closely misses the ball python.
The ball python hisses angrily.
Throw: 8 boomerangs
Press: ? - help, Q - select action, (/) - cycle Shift-Dir - straight line, f/p - ball python
Aim: a ball python (60% to hit)
You throw a boomerang. The boomerang hits the ball python.
You kill the ball python!
You start resting.
Your horns disappear.
Your +0 helmet unmelds from your body.
You start resting.
HP restored.
You start waiting.
Plants grow around you in an ominous manner.
Marking area around 4 oklob plants as unsafe for travelling. 4 oklob plants come into view.
As you read the scroll of teleportation, it crumbles to dust.
You feel strangely unstable.
The wandering mushroom completely misses you.
The oklob plant spits acid at you.
Fedhas protects a plant from harm.
The splash of acid hits you!
You are splashed with acid!
The oklob plant spits acid at you.
Fedhas protects a plant from harm.
The splash of acid hits you!
* * * LOW HITPOINT WARNING * * *
The acid corrodes you!
You are splashed with acid!
You die...

######.....## #####
##..........# #.
##.##.##.##.# .
......##.##.# .
#####.##.##.# '##
....#.##.##.# #..#
....#.##.##.######8..#
#####
._.)#.......#P)PP...#
#....
....#..#.##P'f..@.).#
#.###
....#.##.#########8..#
#.###
#####.......>.#..##..#
#....
......##.######..# +##
#.##. ..#####...# #..#
#.##. ### #...# #..#
#.... #...#
#..######## #.###
#...# #.........#
#.### #...#
#.........#####....


You could see 4 oklob plants and a wandering mushroom.

Vanquished Creatures
  A bullfrog (D:3)
  A water moccasin skeleton (D:4)
  An iguana (D:4)
  An orc wizard (D:4)
  A gnoll (D:4)
  An adder (D:3)
  2 adder skeletons
  A worm (D:3)
  5 ball pythons
  5 endoplasms
  2 giant cockroaches (D:2)
  8 goblins
  2 hobgoblins
  7 jackals
  5 quokkas
  4 bats
  2 frilled lizards (D:1)
  7 kobolds
  A quokka skeleton (D:4)
  6 rats
63 creatures vanquished.

Vanquished Creatures (others)
  4 plants
4 creatures vanquished.

Grand Total: 67 creatures vanquished

Notes
Turn   | Place    | Note
-------+----------+-------------------------------------------
     0 | D:1      | ZARRMARR the Merfolk Transmuter began the quest for the
                  | Orb.
     0 | D:1      | Reached XP level 1. HP: 15/15 MP: 3/3
     0 | D:1      | Noticed a spriggan
     0 | D:1      | Noticed a formicid
     1 | D:1      | Noticed a palentonga
     5 | D:1      | Noticed a minotaur
     8 | D:1      | Noticed a human
     9 | D:1      | Noticed an ogre
    13 | D:1      | Noticed a draconian
    13 | D:1      | Noticed a draconian
    15 | D:1      | Noticed a troll
    15 | D:1      | Noticed a vine stalker
    17 | D:1      | Noticed an ogre
    17 | D:1      | Noticed a palentonga
    19 | D:1      | Noticed a draconian
    19 | D:1      | Noticed a draconian
    21 | D:1      | Noticed an octopode
    37 | D:1      | Found Nucluax's Distillery.
   170 | D:1      | Reached XP level 2. HP: 21/21 MP: 3/5
   671 | D:1      | Found Voag's Book Emporium.
   884 | D:1      | Found Ufuoxodi's Magic Scroll Shoppe.
   895 | D:1      | Bought a scroll of identify for 26 gold pieces
   934 | D:1      | Reached XP level 3. HP: 24/26 MP: 6/6
  1123 | D:1      | Found Josyokk's Antique Weapon Emporium.
  2071 | D:2      | Found Ybou's General Store.
  2474 | D:2      | Found a faded altar of an unknown god.
  3029 | D:3      | Found an opulent altar of Gozag.
  3066 | D:3      | Noticed a bullfrog
  3072 | D:3      | Killed a bullfrog
  3073 | D:3      | Reached skill level 1 in Throwing
  3073 | D:3      | Reached skill level 4 in Unarmed Combat
  3073 | D:3      | Reached XP level 4. HP: 30/32 MP: 6/8
  3077 | D:3      | Reached XP level 5. HP: 30/37 MP: 6/9
  3546 | D:4      | Reached skill level 1 in Stealth
  3857 | D:4      | Learned a level 2 spell: Wereblood
  3870 | D:4      | Found a staircase to the Ecumenical Temple.
  3878 | Temple   | Entered the Ecumenical Temple
  3890 | Temple   | Became a worshipper of Ru the Awakened
  3898 | Temple   | Fell from the grace of Ru
  3898 | Temple   | Became a worshipper of Fedhas Madash
  3910 | Temple   | Fell from the grace of Fedhas
  3910 | Temple   | Became a worshipper of Ru the Awakened
  4235 | D:4      | Identified the +7 dagger of the Ageless Quests {flame,
                  | rCorr}
  4285 | D:4      | Found a hazy altar of Hepliaklqana.
  4526 | D:4      | Fell from the grace of Ru
  4526 | D:4      | Became a worshipper of Hepliaklqana the Forgotten
  4822 | D:4      | Found a glowing golden altar of the Shining One.
  5597 | D:4      | Found a basalt altar of Yredelemnul.
  5730 | D:4      | Reached XP level 6. HP: 25/44 MP: 8/10
  6011 | D:4      | Noticed a wandering mushroom
  6011 | D:4      | Noticed an oklob plant
  6011 | D:4      | Noticed an oklob plant
  6011 | D:4      | Noticed an oklob plant
  6011 | D:4      | Noticed an oklob plant
  6014 | D:4      | Splashed by an oklob plant's acid

Illustrated notes

Levels and vault maps discovered:
D:1:      shiori_arrival_whats_in_store_for_you, layout_basic, serial_forest,
          infiniplex_forest_lined_ring, infiniplex_forest_clump_curved,
          infiniplex_forest_lined_2, infiniplex_forest_fountain, serial_shops,
          nicolae_shop_trees, nicolae_shop_behind_doors, shop_scrolls, shop,
          st_stairs_9
D:2:      layout_loops_ring, serial_shops, shop, shapermc_ecumenical_altar_petra
D:3:      layout_loops_cross, lemuel_round_altar
D:4:      minmay_chambers_of_twos, layout_loops_cross, amcnicky_altar_gilded,
          nicolae_tso_swordbearing_angel, mainiacjoe_overflow_alcove_1,
          grunt_temple_overflow_diamond, minmay_temple_entry_hall
Temple:   eino_temple_lava

Skill      XL: |  1  2  3  4  5  6 |
---------------+-------------------+-----
Dodging        | 3 |  3.7
Transmutations | 3 |  3.6
Throwing       | 1 2 |  2.0
Unarmed Combat | 4 |  4.6
Stealth        | 1 |  1.2
Spellcasting   | 3 |  3.2
Fighting       | |  1.8

Action                   |  1- 3 |  4- 6 || total
-------------------------+-------+-------++-------
Melee: Unarmed           |   113 |    49 ||   162
       Club              |     4 |       ||     4
       Headbutt          |    11 |     9 ||    20
       Punch             |     1 |     3 ||     4
Throw: Boomerang         |    25 |    31 ||    56
 Cast: Beastly Appendage |    28 |     9 ||    37
  Use: Scroll            |     3 |     1 ||     4
 Stab: Sleeping          |     1 |       ||     1
Armor: Robe              |     8 |     7 ||    15
Dodge: Dodged            |    66 |    19 ||    85
